 Dungeon Crawl Stone Soup version 0.24-a0-584-g9d6b971ae4 (webtiles) character file.

Game seed: 11703616991986944221, levelgen mode: deterministic

233574 MordorOrchid the Earth Mage (level 19, -3/112 HPs)
             Began as a Gargoyle Earth Elementalist on Sept 2, 2019.
             Was the Champion of Ashenzari.
             Splashed by Dissolution's acid (4 damage)
             ... while paralysed by a floating eye
             ... on level 2 of the Pits of Slime on Sept 3, 2019.
             The game lasted 05:57:41 (30549 turns).

MordorOrchid the Earth Mage (GrEE)                 Turns: 30549, Time: 05:57:42

Health: -3/112     AC: 16    Str: 16    XL:     19   Next: 12%
Magic:  0/36       EV:  2    Int: 25    God:    Ashenzari [******]
Gold:   1524       SH:  0    Dex: 17    Spells: 2/45 levels left

rFire    + . .     SeeInvis +   O - staff of earth
rCold    . . .     Gourm    .   o - +3 shield {reflect} (curse)
rNeg     + . .     Faith    .   m - +3 leather armour {MR+}
rPois    ∞         Spirit   .   c - +0 mask of the Dragon {MR+ Slay+3 SInv}
rElec    +         Reflect  +   U - +2 cloak
rCorr    +         Harm     .   C - +1 pair of gloves
MR       +++..     Clarity  +   W - +1 pair of boots "Tuec" {rF+ Str+5 Dex+2} (curse)
Stlth    ++++++....             M - amulet of regeneration (curse)
HPRegen  0.68/turn              Y - ring of resist corrosion
MPRegen  0.25/turn              Z - ring of wizardry (curse)

@: paralysed, agile, corroded, flying, hasted
A: big wings, negative energy resistance 1, electricity resistance, unbreathing,
petrification resistance, rot immunity, AC +14
}: 2/15 runes: decaying, gossamer
a: Stop Flying, Curse Item, Scrying, Transfer Knowledge, Renounce Religion


You were on level 2 of the Pits of Slime.
You worshipped Ashenzari.
Ashenzari was exalted by your worship.
You were not hungry.

You visited 7 branches of the dungeon, and saw 34 of its levels.
You visited 1 bazaar.
You also visited: Volcano.

You collected 3174 gold pieces.
You spent 1650 gold pieces at shops.

Inventory:

Hand Weapons
 y - a +7 dagger of freezing
Missiles
 b - 519 stones
 x - 16 javelins
 B - 3 boomerangs of dispersal
 K - 34 boomerangs
 V - 3 datura-tipped darts (quivered)
Armour
 c - the +0 mask of the Dragon (worn) {MR+ Slay+3 SInv}
   (You found it on level 6 of the Lair of Beasts)

   It affects your accuracy and damage with ranged weapons and melee attacks
   (+3).
   It affects your resistance to hostile enchantments.
   It lets you see invisible.
 m - a +3 leather armour of magic resistance (worn)
 o - a cursed +3 shield of reflection (worn)
 w - a +2 robe of the Archmagi
 C - a +1 pair of gloves (worn)
 U - a +2 cloak (worn)
 W - the cursed +1 pair of boots "Tuec" (worn) {rF+ Str+5 Dex+2}
   (You found it in a bazaar)

   It affects your strength (+5).
   It affects your dexterity (+2).
   It protects you from fire.
   It has a curse placed upon it.
Magical Staves
 z - an uncursed staff of wizardry
 O - an uncursed staff of earth (weapon)
Jewellery
 M - a cursed amulet of regeneration (around neck)
 Q - an uncursed ring of protection from cold
 R - an uncursed ring of protection from magic
 Y - a ring of resist corrosion (left hand)
 Z - a cursed ring of wizardry (right hand)
Wands
 f - a wand of clouds (4)
 n - a wand of polymorph (4)
 q - a wand of digging (13)
 u - a wand of iceblast (40)
 X - a wand of acid (7)
Scrolls
 a - 5 scrolls of immolation
 g - 2 scrolls of magic mapping
 h - 4 scrolls of fog
 k - 5 scrolls of fear
 s - 2 scrolls of vulnerability
 t - 13 scrolls of identify
 v - a scroll of blinking
 A - 10 scrolls of teleportation
 L - 11 scrolls of remove curse
Potions
 e - 4 potions of cancellation
 i - a potion of invisibility
 l - 4 potions of ambrosia
 p - 5 potions of heal wounds
 r - a potion of magic
 E - 8 potions of curing
 F - a potion of berserk rage
 G - 4 potions of brilliance
 H - 2 potions of resistance
 N - 8 potions of agility
 S - 8 potions of might
 T - 2 potions of haste
Comestibles
 d - 46 rations


   Skills:
 - Level 10.0 Fighting
 - Level 6.1 Short Blades
 - Level 8.0 Throwing
 - Level 3.0 Armour
 * Level 10.5 Dodging
 - Level 12.0 Stealth
 * Level 11.3(14.0) Shields
 + Level 13.7 Spellcasting
 - Level 8.0(11.0) Conjurations
 - Level 3.0(5.6) Hexes
 - Level 1.2(3.1) Charms
 - Level 4.2(7.0) Necromancy
 - Level 2.0(4.3) Translocations
 - Level 5.0(8.0) Transmutations
 * Level 5.3(8.3) Fire Magic
   Level 1.8(4.0) Air Magic
 * Level 17.0(19.4) Earth Magic
   Level 0.2(1.0) Poison Magic
 - Level 5.1(8.1) Evocations


You had 2 spell levels left.
You knew the following spells:

 Your Spells              Type           Power        Failure   Level  Hunger
a - Sandblast             Erth           ######       0%          1    None
d - Petrify               Tmut/Erth      #######.     1%          4    None
e - Borgnjor's Vile Clut  Necr/Erth      #######...   1%          5    ##.....
f - Stone Arrow           Conj/Erth      ######       1%          3    None
h - Bolt of Magma         Conj/Fire/Erth #######...   1%          5    ##.....
i - Iskenderun's Battles  Conj/Chrm      ######..     2%          5    ##.....
k - Regeneration          Chrm/Necr      #####.....   1%          3    None
r - Irradiate             Conj/Tmut      ######....   1%          5    ##.....
u - Animate Skeleton      Necr           N/A          1%          1    None
v - Lee's Rapid Deconstr  Erth           ########..   1%          5    ##.....
w - Passwall              Tmut/Erth      #######.     1%          2    None
x - Blink                 Tloc           N/A          1%          2    None
z - Apportation           Tloc           #####.       1%          1    None
A - Confusing Touch       Hex            #####.       1%          1    None

Your spell library contained the following spells:

 Spells                   Type           Power        Failure   Level  Hunger
 Magic Dart               Conj           ####         1%          1    None
 Pain                     Necr           ####         1%          1    None
 Shock                    Conj/Air       ####         1%          1    None
 Summon Small Mammal      Summ           ###.         1%          1    None
 Ensorcelled Hibernation  Hex/Ice        ####..       1%          2    None
 Searing Ray              Conj           ######       1%          2    None
 Slow                     Hex            #####...     1%          2    None
 Swiftness                Chrm/Air       #####...     1%          2    None
 Call Imp                 Summ           ###.....     2%          2    None
 Confuse                  Hex            #####...     1%          3    None
 Conjure Flame            Conj/Fire      ######..     1%          3    None
 Dazzling Spray           Conj/Hex       ######       1%          3    None
 Gell's Gravitas          Tloc           #####.....   1%          3    None
 Ignite Poison            Fire/Tmut/Pois #####...     1%          3    None
 Mephitic Cloud           Conj/Pois/Air  #####...     1%          3    None
 Static Discharge         Conj/Air       ######..     1%          3    None
 Vampiric Draining        Necr           ######....   1%          3    None
 Animate Dead             Necr           N/A          1%          4    None
 Force Lance              Conj/Tloc      ######..     1%          4    None
 Fulminant Prism          Conj/Hex       ######....   1%          4    None
 Iskenderun's Mystic Bla  Conj           ######..     1%          4    None
 Leda's Liquefaction      Hex/Erth       #######...   1%          4    None
 Fireball                 Conj/Fire      ######....   1%          5    ##.....
 Iron Shot                Conj/Erth      #######...   1%          6    #####..
 Lightning Bolt           Conj/Air       ######....   2%          5    ##.....
 Airstrike                Air            #####.....   3%          4    None
 Yara's Violent Unravell  Hex/Tmut       ######....   3%          5    ##.....
 Venom Bolt               Conj/Pois      #####.....   4%          5    ##.....
 Bolt of Fire             Conj/Fire      ######....   5%          6    #####..
 Silence                  Hex/Air        #####.....   7%          5    ##.....
 Hydra Form               Tmut           ######....   11%         6    #####..
 Metabolic Englaciation   Hex/Ice        ####......   16%         5    ##.....
 Orb of Destruction       Conj           ######....   16%         7    ######.
 Darkness                 Hex            #####.....   26%         6    #####..
 Dragon Form              Tmut           ######....   47%         7    ######.
 Shatter                  Erth           ########..   50%         9    #######
 Ring of Flames           Chrm/Fire      #####.....   78%         7    ######.
 Spellforged Servitor     Conj/Summ      #####.....   80%         7    ######.
 Shadow Creatures         Summ           N/A          90%         6    #####..
 Ignition                 Fire           ######....   98%         8    #######
 Tornado                  Air            #####.....   100%        9    #######
 Statue Form              Tmut/Erth      Unusable     N/A         6    N/A

Dungeon Overview and Level Annotations

Branches:
Dungeon (15/15)            Temple (1/1) D:6            Lair (6/6) D:10
  Swamp (4/4) Lair:4       Spider (4/4) Lair:3        Slime (2/5) Lair:5
    Orc (2/2) D:12            Elf (0/3) Orc:2        Vaults (0/5) D:13
 Depths (0/5) D:15        Volcano (visited)

Altars:
Ashenzari
Cheibriados
Dithmenos
Fedhas
Gozag
Hepliaklqana
Makhleb
Okawaru
Qazlal
Ru
Sif Muna
Uskayaw
Vehumet
Wu Jian
Xom
Zin
Beogh

Shops:
D:5 *   D:8 ?   Orc:2 [([:*

Annotations:
Swamp:4 1 runed translucent door, dxctxrx's ghost, adept GnAs
Slime:2 Dissolution


Innate Abilities, Weirdness & Mutations

You are resistant to torment.
Your stone body is resilient. (AC +14)
You are immune to poison.
Your large and strong wings let you fly indefinitely.
You resist negative energy. (rN+)
You are resistant to electric shocks. (rElec)
You can survive without breathing.
You are immune to petrification.
You are immune to rotting.


Message History

Dissolution hits you but does no damage.
Dissolution hits you!
You are splashed with acid.
You resist. Dissolution hits you!!
You are splashed with acid.
You resist. Dissolution hits you.
* * * LOW HITPOINT WARNING * * *
You are splashed with acid.
You resist.
* * * LOW HITPOINT WARNING * * *
The floating eye gazes piercingly through you!
You shrug off the repeated paralysis!
The eye of draining gazes at you.
You feel your power leaking away. The eye of draining gazes at you.
Dissolution hits you!
* * * LOW HITPOINT WARNING * * *
You are splashed with acid.
You resist.
* * * LOW HITPOINT WARNING * * *
Dissolution hits you!
* * * LOW HITPOINT WARNING * * *
The acid corrodes you!
You are splashed with acid.
You resist.
You die...

##...## * ########....#
##..#.#......#
###...........G##
##.##..#.#.##.G..#
#........###....##
##........##....#
##.##.......#.J.G##### * *
##....#......##.@G....## ,**
.......................#. ,*
........................., *
............#............,
.........................,
..........................*
...........................*
..........................##
...........................#


You could see Dissolution, 2 eyes of draining, a floating eye and a golden eye.

Vanquished Creatures
  the Lernaean hydra (Swamp:4)
  2 acid blobs (Slime:1)
  Agnes (Spider:2)
  Roxanne (Swamp:4)
  Gastronok (D:11)
  4 azure jellies (Slime:2)
  5 emperor scorpions (Spider:4)
  3 orc warlords
  A ghoul (Swamp:3)
  5 ghost moths
  A very ugly thing (Swamp:3)
  3 entropy weavers
  2 spark wasps
  Snorg (Lair:5)
  A fire dragon (D:15)
  A great orb of eyes (Slime:2)
  An ice dragon (D:15)
  A ghost crab (Swamp:4)
  23 hydras
  Erolcha (Orc:2)
  A vault guard (D:13)
  A catoblepas (Lair:3)
  5 centaur warriors
  6 two-headed ogres
  2 tengu warriors
  An ogre mage (D:15)
  11 alligators
  3 death yaks
  Sonja (Orc:2)
  4 skeletal warriors (D:15)
  5 orc high priests (Orc:2)
  A shadow wraith (D:13)
  2 spriggan druids (Swamp:4)
  6 swamp dragons
  4 orc knights
  2 lindwurms (Volcano)
  A shining eye (Slime:2)
  8 orc sorcerers
  16 ugly things
  Pikel (D:5)
  38 wolf spiders
  13 orb spiders
  4 manticores
  3 cyclopes
  3 deep elf magi
  4 moths of wrath
  6 elephants (Lair:6)
  Joseph (D:8)
  4 black mambas
  4 centaur skeletons
  5 molten gargoyles (Volcano)
  2 gargoyles
  A torpor snail (Spider:4)
  12 spiny frogs
  2 rime drakes (Lair:6)
  2 kobold demonologists
  12 demonic crawlers
  8 komodo dragons
  3 efreet
  A freezing wraith (D:15)
  20 jumping spiders
  8 polar bears
  10 tyrant leeches
  10 trolls
  A raiju (Lair:6)
  22 hornets
  24 blink frogs
  34 slime creatures
  18 bog bodies
  8 hippogriffs
  18 tarantellas
  55 redbacks
  2 shadows
  10 spriggans
  26 yaks
  7 wyverns
  A wraith (D:15)
  4 fire elementals (Volcano)
  3 hungry ghosts
  6 golden eyes (Slime:2)
  2 basilisks
  A steam dragon (D:10)
  18 vampire mosquitoes
  8 wargs
  A soldier ant (D:9)
  17 swamp worms
  5 insubstantial wisps (Swamp:4)
  14 hell hounds (Lair:6)
  11 water moccasins
  8 porcupines
  A black bear (shapeshifter) (D:15)
  7 swamp drakes
  An ice beast (D:12)
  3 phantoms
  5 sky beasts
  2 slaves (D:4)
  8 black bears (Lair:6)
  28 orc warriors
  5 necrophages
  3 eyes of draining
  19 ogres
  32 wolves
  4 centaurs
  10 crocodiles
  18 bullfrogs
  2 big kobolds
  2 wyvern zombies
  An earth elemental (Volcano)
  A gnoll sergeant (D:4)
  4 scorpions
  A troll zombie (D:8)
  3 killer bees (D:11)
  8 wights
  3 electric eels
  3 crimson imps
  A wyvern simulacrum (D:14)
  A quasit (D:7)
  4 centaur zombies
  9 orc priests
  2 bullfrog skeletons
  7 jellies
  16 orc wizards
  3 hounds
  2 human skeletons (D:8)
  3 iguanas
  Ijyb (D:3)
  9 hell rats (Lair:5)
  6 worker ants
  3 hound skeletons
  A worker ant zombie (D:5)
  5 gnolls
  A howler monkey skeleton (D:2)
  12 adders
  4 river rats (Lair:5)
  6 shadow imps
  10 oozes
  2 adder skeletons
  5 worms
  3 dart slugs
  2 leopard geckos
  77 orcs
  4 giant cockroaches
  9 goblins
  7 hobgoblins
  13 jackals
  22 kobolds
  6 quokkas
  3 ball pythons
  9 bats
  A frilled lizard (D:2)
  A quokka skeleton (D:2)
  10 rats
  3 fire vortices (Volcano)
  4 fungi
1101 creatures vanquished.

Vanquished Creatures (collateral kills)
  2 hydras (Swamp:4)
  2 alligators (Swamp:4)
  A spriggan druid (Swamp:4)
  3 swamp dragons (Swamp:4)
  An orb spider (Spider:2)
  2 manticores
  2 black mambas
  A rime drake (Lair:6)
  3 komodo dragons
  A demonic crawler (Spider:2)
  3 polar bears (Lair:6)
  A tyrant leech (Swamp:4)
  2 blink frogs (Lair:6)
  8 bog bodies
  4 slime creatures (Swamp:3)
  A redback (Spider:4)
  9 yaks
  A vampire (D:13)
  A basilisk (Lair:6)
  A hungry ghost (D:13)
  5 vampire mosquitoes
  3 swamp worms
  3 hell hounds (Lair:6)
  A water moccasin (Lair:3)
  5 swamp drakes
  A porcupine (Lair:5)
  A necrophage (Swamp:3)
  3 black bears (Lair:6)
  2 slaves (D:4)
  2 orc warriors (Orc:1)
  A phantom (D:14)
  4 ogres
  2 crocodiles
  8 wolves
  A big kobold (D:10)
  A bullfrog (Lair:1)
  A wight (D:9)
  A howler monkey (D:5)
  4 crimson imps
  A bullfrog zombie (D:12)
  2 hounds (D:13)
  An orc priest (D:13)
  An iguana (D:9)
  3 hell rats (Lair:5)
  A river rat (Lair:5)
  8 orcs
  2 quokkas
  A jackal zombie (D:5)
  A kobold (D:12)
  2 rats (Lair:5)
  8 fungi
  6 plants
135 creatures vanquished.

Vanquished Creatures (others)
  Nikola (Swamp:1)
  An unseen horror (D:13)
  A wolf spider (Spider:4)
  A redback (Spider:4)
  A basilisk (D:13)
  An orc warrior (D:13)
  An ice beast (D:13)
  A scorpion (D:13)
  A howler monkey (D:13)
  An orc wizard (D:13)
  2 worker ants (D:13)
  A fire vortex (Volcano)
  19 fungi
  17 plants
  10 toadstools (D:2)
59 creatures vanquished.

Grand Total: 1295 creatures vanquished

Notes
Turn   | Place    | Note
-------+----------+-------------------------------------------
     0 | D:1      | MordorOrchid the Gargoyle Earth Elementalist began the
                  | quest for the Orb.
     0 | D:1      | Reached XP level 1. HP: 10/10 MP: 3/3
   198 | D:1      | Reached XP level 2. HP: 10/16 MP: 3/5
   202 | D:1      | Learned a level 2 spell: Passwall
   627 | D:2      | Reached skill level 4 in Earth Magic
   635 | D:2      | Reached skill level 1 in Transmutations
   635 | D:2      | Reached XP level 3. HP: 20/20 MP: 2/6
   652 | D:2      | Reached skill level 1 in Armour
   678 | D:2      | Reached skill level 1 in Fighting
   806 | D:2      | Reached XP level 4. HP: 6/25 MP: 3/7
  1099 | D:2      | Learned a level 3 spell: Stone Arrow
  1435 | D:2      | Reached XP level 5. HP: 25/29 MP: 9/9
  1464 | D:2      | Reached skill level 1 in Conjurations
  1686 | D:3      | Reached XP level 6. HP: 34/35 MP: 6/10
  1787 | D:3      | Found a sacrificial altar of Ru.
  1943 | D:3      | Noticed Ijyb
  1960 | D:3      | Killed Ijyb
  1960 | D:3      | Reached skill level 1 in Short Blades
  2037 | D:3      | Found a transporter.
  2055 | D:3      | Found a transporter.
  2261 | D:3      | Learned a level 4 spell: Petrify
  2321 | D:4      | Noticed a phantom
  2338 | D:4      | Reached XP level 7. HP: 37/40 MP: 6/12
  2371 | D:4      | Reached skill level 5 in Stealth
  2371 | D:4      | Reached skill level 1 in Evocations
  2545 | D:4      | Learned a level 1 spell: Confusing Touch
  2819 | D:4      | Learned a level 1 spell: Animate Skeleton
  2830 | D:5      | Entered Level 5 of the Dungeon
  2830 | D:5      | Noticed Pikel
  2881 | D:5      | Found a stormy altar of Qazlal.
  3132 | D:5      | Reached XP level 8. HP: 44/44 MP: 10/13
  3243 | D:5      | Found Zin's Purification Station.
  3243 | D:5      | Found a glowing silver altar of Zin.
  3419 | D:5      | Learned a level 1 spell: Apportation
  3612 | D:4      | Reached skill level 1 in Hexes
  4008 | D:5      | Killed Pikel
  4008 | D:5      | Reached skill level 1 in Necromancy
  4008 | D:5      | Reached skill level 1 in Translocations
  4215 | D:6      | Found an opulent altar of Gozag.
  4413 | D:6      | Found a hide-covered altar of Uskayaw.
  4479 | D:6      | Found a staircase to the Ecumenical Temple.
  4486 | Temple   | Entered the Ecumenical Temple
  4504 | Temple   | Became a worshipper of Ashenzari the Shackled
  4825 | D:7      | Found an iron altar of Okawaru.
  4965 | D:7      | Found a shadowy altar of Dithmenos.
  4991 | D:7      | Reached XP level 9. HP: 48/48 MP: 0/16
  5067 | D:7      | Learned a level 4 spell: Iskenderun's Mystic Blast
  5087 | D:7      | Reached skill level 5 in Spellcasting
  5301 | D:8      | Found a sacrificial altar of Ru.
  5301 | D:8      | Found an ornate altar of the Wu Jian Council.
  5310 | D:8      | Reached * piety under Ashenzari
  5359 | D:8      | Found a hazy altar of Hepliaklqana.
  5418 | D:8      | Reached skill level 5 in Earth Magic
  5589 | D:8      | Noticed Joseph
  5598 | D:8      | Killed Joseph
  5602 | D:8      | Found Cililelo's Magic Scroll Shop.
  5607 | D:8      | Bought a scroll of noise for 16 gold pieces
  5607 | D:8      | Bought a scroll of identify for 32 gold pieces
  5607 | D:8      | Bought a scroll of teleportation for 48 gold pieces
  5607 | D:8      | Bought a scroll of teleportation for 48 gold pieces
  5608 | D:8      | Bought a scroll of remove curse for 48 gold pieces
  5723 | D:8      | Reached skill level 6 in Earth Magic
  6170 | D:9      | Found a shimmering blue altar of Sif Muna.
  6206 | D:9      | Got the uncursed chain mail of Lubarax {MR++ Str-3 Int+4}
  6226 | D:9      | Noticed a troll
  6321 | D:9      | Killed a troll
  6322 | D:9      | Reached XP level 10. HP: 53/53 MP: 4/19
  6591 | D:9      | Reached skill level 7 in Earth Magic
  6693 | D:9      | Learned a level 5 spell: Lee's Rapid Deconstruction
  6694 | D:10     | Entered Level 10 of the Dungeon
  6864 | D:10     | Found a staircase to the Lair.
  7013 | D:10     | Noticed a cyclops
  7028 | D:10     | Killed a cyclops
  7260 | D:10     | Noticed a gargoyle
  7284 | D:10     | Killed a gargoyle
  7295 | D:10     | Reached ** piety under Ashenzari
  7314 | D:10     | Identified the +4 chain mail of Lubarax {MR++ Str-3 Int+4}
                  | (You found it on level 9 of the Dungeon)
  7385 | D:11     | Reached skill level 8 in Earth Magic
  7385 | D:11     | Noticed a kobold demonologist
  7386 | D:11     | Noticed a kobold demonologist
  7400 | D:11     | Noticed a two-headed ogre
  7407 | D:10     | Noticed an orange demon
  7409 | D:10     | Killed a kobold demonologist
  7433 | D:11     | Noticed a kobold demonologist
  7453 | D:11     | Noticed a soul eater
  7453 | D:11     | a kobold demonologist changed into a polar bear
  7470 | D:10     | Reached XP level 11. HP: 51/57 MP: 7/22
  7626 | D:11     | Found a flickering gateway to a bazaar.
  7628 | D:11     | Noticed a manticore
  7643 | Bazaar   | Entered a bazaar
  7643 | Bazaar   | Found Wiqihith's Armour Boutique.
  7643 | Bazaar   | Found Heon Fue's Armour Shop.
  7643 | Bazaar   | Found Hoid's Antique Weapon Shop.
  7647 | Bazaar   | Got the uncursed pair of boots "Tuec" {rF+ Str+5 Dex+2}
  7653 | Bazaar   | Identified the +1 pair of boots "Tuec" {rF+ Str+5 Dex+2}
                  | (You found it in a bazaar)
  7660 | Bazaar   | Bought a +2 buckler for 148 gold pieces
  7759 | D:11     | Killed a manticore
  7759 | D:11     | Reached skill level 1 in Shields
  7874 | D:11     | Noticed Gastronok
  7941 | D:11     | Killed a two-headed ogre
  7941 | D:11     | Reached skill level 5 in Evocations
  8143 | D:11     | Killed Gastronok
  8143 | D:11     | Reached skill level 5 in Dodging
  8221 | D:11     | Noticed a green ugly thing
  8233 | D:11     | Killed a green ugly thing
  8477 | D:11     | Found a blossoming altar of Fedhas.
  8524 | D:12     | Found a staircase to the Orcish Mines.
  8544 | D:12     | Noticed a deep elf mage
  8544 | D:12     | Noticed an eight-headed hydra
  8546 | D:12     | Noticed a two-headed ogre
  8635 | D:12     | Killed an eight-headed hydra
  8743 | D:12     | Noticed a four-headed hydra
  8764 | D:12     | Killed a four-headed hydra
  8764 | D:12     | Reached skill level 5 in Fighting
  8778 | D:12     | Found a burning altar of Makhleb.
  8824 | D:12     | Noticed a cyclops
  9071 | D:12     | Killed a cyclops
  9108 | D:12     | Killed a two-headed ogre
  9108 | D:12     | Reached skill level 9 in Earth Magic
  9108 | D:12     | Reached XP level 12. HP: 68/68 MP: 21/24
  9842 | D:13     | Noticed a vault guard
  9868 | D:13     | Killed a vault guard
  9881 | D:13     | Found a gate to the Vaults.
  9896 | D:13     | Learned a level 5 spell: Borgnjor's Vile Clutch
  9904 | D:13     | Identified a scroll of acquirement
 10138 | D:13     | Noticed a tengu warrior
 10181 | D:13     | Noticed an eight-headed hydra
 10191 | D:13     | Killed an eight-headed hydra
 10286 | D:13     | Found a shimmering altar of Xom.
 10446 | D:13     | Killed a tengu warrior
 10635 | D:14     | Reached skill level 10 in Earth Magic
 10677 | D:14     | Reached XP level 13. HP: 75/75 MP: 2/26
 10710 | D:14     | Reached skill level 5 in Shields
 10801 | D:14     | Reached *** piety under Ashenzari
 11201 | D:15     | Entered Level 15 of the Dungeon
 11729 | D:15     | Reached skill level 5 in Short Blades
 11763 | D:15     | Reached skill level 10 in Stealth
 11802 | D:15     | Reached skill level 11 in Earth Magic
 11805 | D:15     | Reached skill level 1 in Throwing
 11873 | D:15     | Reached skill level 10 in Spellcasting
 11873 | D:15     | Gained mutation: Your large and strong wings let you fly
                  | indefinitely. [Gargoyle growth]
 11873 | D:15     | Reached XP level 14. HP: 82/82 MP: 2/28
 12487 | D:15     | Found a staircase to the Depths.
 12642 | Orc:1    | Entered Level 1 of the Orcish Mines
 12642 | Orc:1    | Noticed an orc warlord
 12762 | D:12     | Killed an orc warlord
 12879 | Orc:1    | Found a roughly hewn altar of Beogh.
 13611 | Orc:2    | Entered Level 2 of the Orcish Mines
 13611 | Orc:2    | Found a staircase to the Elven Halls.
 13695 | Orc:2    | Noticed an orc warlord
 13851 | Orc:1    | Killed an orc warlord
 14108 | Orc:2    | Reached skill level 12 in Earth Magic
 14213 | Orc:2    | Found Enitref's Book Emporium.
 14240 | Orc:2    | Noticed Erolcha
 14252 | Orc:2    | Killed Erolcha
 14333 | Orc:2    | Found Qytumyse's General Store.
 14379 | Orc:2    | Found Lajoxam's Antique Weapon Shop.
 14611 | Orc:2    | Found Minuw's Armour Boutique.
 14620 | Orc:2    | Paralysed by an orc sorcerer for 7 turns
 14680 | Orc:2    | Reached **** piety under Ashenzari
 14714 | Orc:2    | Noticed an orc warlord
 14769 | Orc:1    | Killed an orc warlord
 14967 | Orc:2    | Noticed Sonja
 15073 | Orc:2    | Killed Sonja
 15202 | Orc:2    | Found Piniuteo's Antique Armour Shop.
 15210 | Orc:2    | Bought a pair of ichor-stained boots for 266 gold pieces
 15210 | Orc:2    | Identified the cursed +0 pair of boots "Opreanoam" {rC-
                  | Dex+4} (You bought it in a shop on level 2 of the Orcish
                  | Mines)
 15210 | Orc:2    | Bought an embroidered cloak for 210 gold pieces
 15288 | Orc:2    | Bought a +3 leather armour of magic resistance for 288 gold
                  | pieces
 15316 | Orc:2    | Bought a scroll of remove curse for 54 gold pieces
 15316 | Orc:2    | Bought a scroll of remove curse for 54 gold pieces
 15316 | Orc:2    | Bought 3 scrolls of identify for 108 gold pieces
 15323 | Orc:2    | Reached XP level 15. HP: 75/89 MP: 6/29
 15365 | Orc:2    | Bought a book of Necromancy for 330 gold pieces
 15369 | Orc:2    | Learned a level 3 spell: Regeneration
 15460 | Lair:1   | Entered Level 1 of the Lair of Beasts
 16345 | Lair:2   | Reached ***** piety under Ashenzari
 17092 | Lair:3   | Found a hole to the Spider Nest.
 17399 | Lair:4   | Learned a level 2 spell: Blink
 17682 | Lair:4   | Found a staircase to the Swamp.
 17953 | Swamp:1  | Entered Level 1 of the Swamp
 18001 | Lair:4   | Learned a level 5 spell: Bolt of Magma
 18223 | Swamp:1  | Reached skill level 13 in Earth Magic
 18345 | Swamp:1  | Noticed Nikola
 18401 | Swamp:1  | Killed Nikola
 19477 | Swamp:3  | Reached XP level 16. HP: 89/96 MP: 3/31
 19624 | Swamp:2  | Reached skill level 5 in Throwing
 20112 | Swamp:3  | HP: 2/97 [something (23)]
 20666 | Swamp:3  | Reached skill level 10 in Fighting
 20789 | Swamp:4  | Entered Level 4 of the Swamp
 20873 | Swamp:4  | Noticed Roxanne
 20925 | Swamp:4  | Found a runed translucent door.
 20925 | Swamp:4  | Found a shimmering altar of Xom.
 20925 | Swamp:4  | Noticed dxctxrx's ghost (adept GnAs)
 20930 | Swamp:4  | Reached skill level 14 in Earth Magic
 21171 | Swamp:4  | Killed Roxanne
 21328 | Swamp:4  | Reached ****** piety under Ashenzari
 22266 | Swamp:4  | Noticed the 27-headed Lernaean hydra
 22345 | Swamp:4  | Killed the 27-headed Lernaean hydra
 22345 | Swamp:4  | Reached skill level 5 in Conjurations
 22345 | Swamp:4  | Reached XP level 17. HP: 102/102 MP: 12/33
 22412 | Swamp:4  | Got a decaying rune of Zot
 22533 | Lair:4   | Learned a level 3 spell: Mephitic Cloud
 22610 | Spider:1 | Entered Level 1 of the Spider Nest
 22738 | Spider:1 | Reached skill level 15 in Earth Magic
 22869 | Spider:1 | Reached skill level 1 in Fire Magic
 23047 | Spider:1 | Reached skill level 1 in Air Magic
 23795 | Spider:2 | Noticed Agnes
 24126 | Spider:2 | Killed Agnes
 24626 | Spider:3 | Reached skill level 10 in Shields
 24872 | Spider:4 | Entered Level 4 of the Spider Nest
 25492 | Spider:4 | Reached skill level 16 in Earth Magic
 25691 | Spider:4 | Reached XP level 18. HP: 107/107 MP: 12/35
 25716 | Spider:4 | Reached skill level 10 in Dodging
 26861 | Spider:4 | Got a gossamer rune of Zot
 27088 | Swamp:4  | Learned a level 5 spell: Irradiate
 27349 | Lair:5   | Found a staircase to the Slime Pits.
 27749 | Lair:5   | Noticed Snorg
 27769 | Lair:5   | Killed Snorg
 27956 | Lair:5   | Found a blossoming altar of Fedhas.
 28075 | Lair:6   | Entered Level 6 of the Lair of Beasts
 28265 | Lair:6   | Found a dark tunnel.
 28434 | Volcano  | Entered a volcano
 29372 | Lair:6   | Found the +0 mask of the Dragon {MR+ Slay+3 SInv}
 29607 | Lair:5   | Learned a level 5 spell: Iskenderun's Battlesphere
 29609 | Slime:1  | Entered Level 1 of the Pits of Slime
 29639 | Slime:1  | Reached skill level 1 in Charms
 29639 | Slime:1  | Reached skill level 5 in Fire Magic
 29832 | Slime:1  | Reached XP level 19. HP: 112/112 MP: 2/36
 30193 | Slime:2  | Reached skill level 5 in Transmutations
 30193 | Slime:2  | Reached skill level 17 in Earth Magic
 30237 | Slime:2  | Noticed Dissolution
 30528 | Slime:2  | Paralysed by a floating eye for 3 turns
 30535 | Slime:2  | Paralysed by a floating eye for 3 turns
 30545 | Slime:2  | Paralysed by a floating eye for 4 turns
 30549 | Slime:2  | HP: 1/112 [Dissolution (11)]
 30549 | Slime:2  | Splashed by Dissolution's acid

Levels and vault maps discovered:
D:1:      minmay_arrival_three_doors, layout_loops_ring
D:2:      cheibrodos_fertilizer, layout_basic, minmay_pentomino_w2
D:3:      gammafunk_wand_slinger, layout_basic, nicolae_ru_sacrificial_ziggurat,
          uniq_ijyb
D:4:      layout_rooms, first_ration
D:5:      layout_gridville, zin_purify, lemuel_tele_altar, uniq_pikel
D:6:      layout_basic, nicolae_gozag_seed_capital, lemuel_doored_altar,
          minmay_temple_entry_butterflies, patterned_corridor
D:7:      layout_cave_pools, nicolae_dithmenos_shadow_blocks,
          okawaru_altar_gauntlet_db
D:8:      layout_loops_ring, lemuel_mausoleum_altar_kikubaaqudgha,
          kennysheep_mini_moat, chequers_temple_overflow_statue_of_worship,
          serial_shops, nicolae_shop_competitors_out_of_business, uniq_joseph
D:9:      layout_rooms, old_standard_altar, hangedman_pestilent_swarm
D:10:     layout_irregular_city, lair_entry_dummy, kennysheep_doodads
D:11:     layout_long_grid, special_room [special_room_orc], serial_shops,
          bzr_entry_islet, fedhas_altar_fruit_tree, uniq_gastronok
D:12:     layout_cave_pools, orc_0_dummy, bloody_makhleb
D:13:     layout_loops_ring, david_vaults_4, xom_confusion_cloud
D:14:     layout_irregular_city, corexii_hall_statues_i,
          chequers_serial_rivers_marsh, minmay_circle_x
D:15:     grunt_enter_depths_hoard, layout_rooms, kennysheep_pointless_box
Temple:   dshaligram_water_room_temple
Lair:1:   layout_cave_pods, infiniplex_staircase_pool_2
Lair:2:   layout_cave_pods, grunt_megastairs_4
Lair:3:   layout_gridlike, dummy_spider_entry, serial_bayou_shore_a
Lair:4:   layout_long_grid, minmay_swamp_entry_worms, grunt_megastairs_2,
          lemuel_fruit_tree
Lair:5:   layout_cave_pods, minmay_slime_entry_pillars, basic_altar,
          kennysheep_abandoned_house, uniq_snorg
Lair:6:   hangedman_lair_caniforms_friends, layout_hall_layers,
          nicolae_volcano_entry_two_sided, special_room
          [special_room_mythical_zoo]
Swamp:1:  layout_basic_swamp, evilmike_swamp_ruin_house_2, swamp_pool4,
          uniq_nikola
Swamp:2:  layout_basic_swamp, evilmike_swamp_ruin_house_3
Swamp:3:  layout_basic_swamp, nicolae_swamp_rocky_clearing, swamp_pool1,
          hangedman_swamp_ravenous
Swamp:4:  grunt_swamp_rune_castle, layout_basic_swamp, ebering_ghost_xom,
          swamp_pool1, uniq_roxanne
Spider:1: layout_spider_delve
Spider:2: layout_spider_delve, uniq_agnes
Spider:3: layout_spider_delve
Spider:4: grunt_spider_rune_island
Slime:1:  layout_caves
Slime:2:  cheibrodos_slime_lost_civilization_2, layout_caves, uniq_dissolution
Orc:1:    layout_diamond_mine, mines1_david
Orc:2:    grunt_orc_gardens, layout_caves, grunt_orc_garden, grunt_orc_garden,
          grunt_orc_garden, grunt_orc_garden, serial_shops,
          nicolae_shop_waterfront, uniq_erolcha, uniq_sonja

Skill      XL: |  1  2  3  4  5  6  7  8  9 10 11 12 13 14 15 16 17 18 19 |
---------------+----------------------------------------------------------+-----
Earth Magic    | 4 6 8 9 10 11 12 13 14 16 17 | 17.0
Transmutations | 1 2 4 5 |  5.0
Armour         | 1 2 3 |  3.0
Fighting       | 1 2 5 6 7 8 9 10 | 10.0
Stealth        | 3 4 5 6 7 8 10 11 12 | 12.0
Spellcasting   | 3 4 6 7 8 9 10 11 12 13 | 13.7
Conjurations   | 1 2 3 5 6 7 8 |  8.0
Short Blades   | 1 2 4 5 6 |  6.1
Evocations     | 1 2 3 4 5 |  5.1
Dodging        | 2 3 4 6 7 8 9 10 | 10.5
Hexes          | 1 3 |  3.0
Necromancy     | 1 2 4 |  4.2
Translocations | 1 2 |  2.0
Shields        | 4 6 7 8 9 10 11 | 11.3
Throwing       | 1 3 4 6 7 8 |  8.0
Fire Magic     | 3 5 |  5.3
Air Magic      | 1 |  1.8
Charms         | 1 |  1.2
Poison Magic   | |  0.2

Action                   |  1- 3 |  4- 6 |  7- 9 | 10-12 | 13-15 | 16-18 | 19-21 || total
-------------------------+-------+-------+-------+-------+-------+-------+-------++-------
Melee: Unarmed           |    19 |    11 |       |       |       |       |       ||    30
       Dagger            |    41 |   129 |   258 |   290 |   579 |   944 |       ||  2241
       Club              |     1 |       |       |       |       |       |       ||     1
       Staff             |       |       |    15 |     3 |    16 |     7 |       ||    41
       Scimitar          |       |       |       |       |     3 |       |       ||     3
 Fire: Hunting sling     |       |       |     8 |     5 |     6 |       |       ||    19
       Shortbow          |       |       |     3 |    14 |       |       |       ||    17
Throw: Dart              |       |     6 |    26 |     4 |    18 |    42 |     3 ||    99
       Stone             |       |       |       |       |     1 |       |       ||     1
       Boomerang         |       |       |       |       |     5 |   166 |     3 ||   174
       Javelin           |       |       |       |       |       |     7 |       ||     7
 Cast: Sandblast         |    26 |    34 |   104 |    79 |   110 |   201 |    11 ||   565
       Animate Skeleton  |       |       |    26 |    54 |   118 |   124 |       ||   322
       Apportation       |       |       |    34 |    47 |   117 |   184 |     2 ||   384
       Passwall          |       |       |    26 |    44 |   100 |    78 |       ||   248
       Stone Arrow       |       |       |    18 |    17 |    29 |    32 |     1 ||    97
       Confusing Touch   |       |       |     9 |       |     4 |     6 |     1 ||    20
       Petrify           |       |       |    19 |    81 |   224 |   169 |     1 ||   494
       Lee's Rapid Decon |       |       |       |    14 |    37 |    17 |     4 ||    72
       Borgnjor's Vile C |       |       |       |       |    10 |    39 |     3 ||    52
       Bolt of Magma     |       |       |       |       |     7 |    61 |     7 ||    75
       Regeneration      |       |       |       |       |       |     7 |       ||     7
       Mephitic Cloud    |       |       |       |       |       |    31 |       ||    31
       Blink             |       |       |       |       |       |     7 |       ||     7
       Iskenderun's Batt |       |       |       |       |       |     4 |    11 ||    15
Invok: Curse Item        |       |       |       |     4 |       |       |       ||     4
 Abil: Fly               |       |       |       |       |     2 |       |       ||     2
       Stop Flying       |       |       |       |       |     1 |       |       ||     1
Evoke: Wand              |       |     2 |     1 |    17 |    10 |    24 |       ||    54
  Use: Scroll            |     4 |     7 |    12 |     7 |     9 |     9 |     2 ||    50
       Potion            |       |     1 |       |     2 |       |     2 |     3 ||     8
 Stab: Sleeping          |     7 |     8 |    16 |    16 |    19 |    18 |       ||    84
       Distracted        |       |       |     1 |       |     1 |     8 |       ||    10
       Petrified         |       |       |    15 |   109 |   193 |   179 |       ||   496
       Confused          |       |       |     2 |       |     2 |    31 |       ||    35
       Petrifying        |       |       |     2 |     8 |    39 |    28 |       ||    77
  Eat: Chunk             |       |     6 |    15 |    21 |    43 |    27 |       ||   112
       Ration            |       |       |     1 |     1 |     1 |     8 |     1 ||    12
Armor: Robe              |    28 |    34 |   119 |       |    42 |   302 |       ||   525
       Leather armour    |       |       |     2 |   132 |   132 |    39 |     3 ||   308
Dodge: Dodged            |    47 |    76 |   174 |   215 |   333 |   480 |     4 ||  1329
Block: Buckler           |       |       |       |    39 |   211 |       |       ||   250
       Shield            |       |       |       |       |    36 |   640 |     3 ||   679
       Reflection        |       |       |       |       |     4 |     6 |       ||    10
       Rpst.: Scimitar   |       |       |       |       |     1 |       |       ||     1

Table legend:
 A = Non-vault XP
 B = Vault XP
 C = Vault XP percentage of total XP
 D = Non-vault monster count
 E = Vault monster count
 F = Vault count percentage of total count
                 A         B        C        D         E       F
            +---------+---------+-------+---------+---------+-------
      Total |  222720 |  103716 |  31.8 |     909 |     305 |  25.1
            +---------+---------+-------+---------+---------+-------
        D:1 |      20 |       0 |   0.0 |      11 |       0 |   0.0
        D:2 |      86 |     202 |  70.1 |      28 |      21 |  42.9
        D:3 |      50 |     183 |  78.5 |      18 |       6 |  25.0
        D:4 |     501 |       0 |   0.0 |      14 |       0 |   0.0
        D:5 |     413 |     559 |  57.5 |      28 |       1 |   3.4
        D:6 |     134 |       0 |   0.0 |      11 |       0 |   0.0
        D:7 |     605 |      36 |   5.6 |      10 |       6 |  37.5
        D:8 |     481 |     616 |  56.2 |      18 |       4 |  18.2
        D:9 |    1173 |     738 |  38.6 |      14 |       4 |  22.2
       D:10 |    3604 |       0 |   0.0 |      42 |       0 |   0.0
       D:11 |    2582 |    2408 |  48.3 |      16 |      16 |  50.0
       D:12 |   10425 |       0 |   0.0 |      51 |       0 |   0.0
       D:13 |    4802 |    4263 |  47.0 |      30 |       8 |  21.1
       D:14 |    7677 |    1839 |  19.3 |      19 |       3 |  13.6
       D:15 |   21237 |    2060 |   8.8 |      46 |       2 |   4.2
     Lair:1 |    5186 |       0 |   0.0 |      28 |       0 |   0.0
     Lair:2 |    3016 |       0 |   0.0 |      17 |       0 |   0.0
     Lair:3 |    5657 |       0 |   0.0 |      20 |       0 |   0.0
     Lair:4 |    2182 |    1914 |  46.7 |      16 |       8 |  33.3
     Lair:5 |    9387 |    1753 |  15.7 |      47 |      24 |  33.8
     Lair:6 |   11774 |   11401 |  49.2 |      36 |      68 |  65.4
    Swamp:1 |    9389 |    4045 |  30.1 |      27 |       1 |   3.6
    Swamp:2 |    9866 |       0 |   0.0 |      33 |       0 |   0.0
    Swamp:3 |   15026 |    4001 |  21.0 |      48 |      13 |  21.3
    Swamp:4 |   13714 |   20609 |  60.0 |      38 |      34 |  47.2
   Spider:1 |   20222 |       0 |   0.0 |      61 |       0 |   0.0
   Spider:2 |    7221 |    2092 |  22.5 |      22 |       1 |   4.3
   Spider:3 |   14489 |     573 |   3.8 |      30 |       1 |   3.2
   Spider:4 |   15153 |   26395 |  63.5 |      34 |      41 |  54.7
    Slime:1 |    6624 |       0 |   0.0 |       9 |       0 |   0.0
    Slime:2 |   12910 |       0 |   0.0 |      22 |       0 |   0.0
      Orc:1 |    3858 |    2625 |  40.5 |      43 |       6 |  12.2
      Orc:2 |    3256 |   10458 |  76.3 |      22 |      23 |  51.1
    Volcano |       0 |    4946 | 100.0 |       0 |      14 | 100.0
            +---------+---------+-------+---------+---------+-------
